 Dungeon Sprint DCSS version 0.31-a0-83-gbff143cfd1 (webtiles) character file.

Game seed: 798749088327685868

6472 senseless the Peltast (level 10, -3/107 HPs)
             Began as a Minotaur Fighter on May 24, 2023.
             Was the Champion of the Shining One.
             Slain by a demonic crawler (6 damage)
             ... in the Dungeon (Sprint I: "Red Sonja").
             The game lasted 00:06:58 (1099 turns).

senseless the Peltast (Minotaur Fighter)            Turns: 1099, Time: 00:07:00

Health: -3/107     AC: 30    Str: 34    XL:     10   Next: 68%
Magic:  9/9        EV:  8    Int:  5    God:    the Shining One [******]
Gold:   342        SH:  7    Dex:  9    Spells: 9/9 levels left

rFire   + . .        a - +0 war axe
rCold   . . .        c - +0 buckler
rNeg    + + +        d - +1 plate armour {rF+}
rPois   .            n - +1 hat
rElec   .            r - +2 cloak of Daisies {Contam +Blink Will- Str+8}
rCorr   +            t - +2 pair of gloves
SInv    .            (no boots)
Will    .....        (no amulet) Stlth
                     k - ring "Sizyvyeh" {Will+ rCorr}
HPRegen 0.37/turn    s - +4 ring of protection
MPRegen 0.11/turn

%: no teleportation
@: glowing
A: horns 2, retaliatory headbutt
a: Renounce Religion, Evoke Blink, Divine Shield, Cleansing Flame, Summon Divine
Warrior, Brand Weapon With Holy Wrath


You were in the Dungeon.
You worshipped the Shining One.
The Shining One was exalted by your worship.
You visited 1 branch You collected 1500 gold pieces.
You spent 1158 gold pieces at shops.

Inventory:

Hand Weapons
 a - a +0 war axe (weapon)
 l - a +2 scythe of protection
Armour
 b - a +0 scale mail
 c - a +0 buckler (worn)
 d - a +1 plate armour of fire resistance (worn)
 m - a +0 pair of gloves
 n - a +1 hat (worn)
 r - the +2 cloak of Daisies (worn) {Contam +Blink Will- Str+8}
   (You found it in the Dungeon)

   Str:       It affects your strength (+8).
   +Blink:    It lets you blink.
   Contam:    It causes magical contamination when unequipped.
   Will:      It decreases your willpower.
 t - a +2 pair of gloves (worn)
Jewellery
 k - the ring "Sizyvyeh" (left hand) {Will+ rCorr}
   (You found it in the Dungeon)

   [ring of resist corrosion]

   rCorr:     It protects you from acid and corrosion.
   Will:      It increases your willpower.
 s - a +4 ring of protection (right hand)
Wands
 o - a wand of flame (15) (quivered)
Scrolls
 j - a scroll of blinking
 p - a scroll of fear {unknown}
 u - a scroll of poison {unknown}
Potions
 e - 5 potions of curing
 g - a potion of haste
 h - 2 potions of magic
 i - a potion of berserk rage
 q - a potion of might


   Skills:
 + Level 15.7 Fighting
 + Level 15.5 Axes
 + Level 15.7 Armour
 + Level 15.7 Shields


You had 9 spell levels left.
You didn't know any spells.
Your spell library contained the following spells:

 Spells                   Type           Power      Damage    Failure   Level
 Anguish                  Hex/Necr       0%         N/A       100%        4
 Cause Fear               Hex            0%         N/A       100%        4
 Enfeeble                 Hex            0%         N/A       100%        7


Dungeon Overview and Level Annotations

Branches:
Dungeon (1/1)

Altars:
Cheibriados
Dithmenos
Elyvilon
Fedhas
Gozag
Hepliaklqana
Kikubaaqudgha
Makhleb
Nemelex Xobeh
Okawaru
Qazlal
Ru
Sif Muna
Trog
Uskayaw
Vehumet
Wu Jian
Xom
Yredelemnul
Zin
The Shining One
Jiyva
Lugonu

Shops:
D [*(![*=::*[[:?[[


Innate Abilities, Weirdness & Mutations

You have a pair of horns on your head.
You reflexively headbutt those who attack you in melee.


Message History

You block the demonic crawler's attack. x2
The demonic crawler completely misses you.
You block the demonic crawler's attack. The demonic crawler hits you.
* * * LOW HITPOINT WARNING * * *
The demonic crawler hits you but does no damage.
You hit the demonic crawler.
The demonic crawler is almost dead.
You hit the demonic crawler.
The demonic crawler hits you but does no damage. x2
The demonic crawler barely misses you.
The demonic crawler hits you but does no damage.
The demonic crawler barely misses you.
The demonic crawler hits you but does no damage.
You slice the demonic crawler!!
You kill the demonic crawler!
The Shining One accepts your kill.
You feel better.
You hit the demonic crawler. You block the demonic crawler's attack.
The demonic crawler hits you but does no damage. x2
Unknown command.
You slash the demonic crawler! You headbutt the demonic crawler.
The demonic crawler is moderately wounded.
The demonic crawler hits you!
* * * LOW HITPOINT WARNING * * *
The demonic crawler hits you but does no damage.
The demonic crawler barely misses you.
Unknown command.
You slash the demonic crawler!
The demonic crawler is moderately wounded.
The demonic crawler barely misses you. You block the demonic crawler's attack.
The demonic crawler hits you! The Shining One protects you from harm!
You slash the demonic crawler!
You headbutt the demonic crawler, but do no damage.
The demonic crawler is heavily wounded.
The demonic crawler hits you!
* * * LOW HITPOINT WARNING * * *
The demonic crawler hits you but does no damage.
The demonic crawler hits you.
You die...

##################
.#..'..#__#..')..#
.'[.#..'..'..#).†##+#
'#####'#__####..@s..#
.#...#.####§.#####..+
##..##.#§§§.)#..# ##
_##'#_.§~~~§.'..#
..'..._#~~§§)#..#
_##_.#'##§#####§###
_###'#.#.§§.###.'.#
####.####'###.###.#
..'.).'.....'[∩##.#


You could see a demonic crawler.

Vanquished Creatures
  2 centaur warriors (D)
  Sonja (D)
  A deep troll (D)
  An oklob plant (D)
  3 demonic crawlers (D)
  2 unseen horrors (D)
  2 kobold demonologists (D)
  A hornet (D)
  A slime creature (D)
  Sigmund (D)
  A yak (D)
  2 redbacks (D)
  2 floating eyes (D)
  An ogre (D)
  7 necrophages (D)
  8 jellies (D)
  Ijyb (D)
  A ballistomycete spore (D)
38 creatures vanquished.

Vanquished Creatures (others)
  A ballistomycete spore (D)
1 creature vanquished.

Grand Total: 39 creatures vanquished

Notes
Turn   | Place    | Note
-------+----------+-------------------------------------------
     0 | D        | senseless the Minotaur Fighter began the quest for the Orb.
     0 | D        | Reached XP level 1. HP: 19/19 MP: 0/0
     1 | D        | Noticed Ijyb
     8 | D        | Killed Ijyb
     9 | D        | Reached skill level 5 in Fighting
     9 | D        | Reached skill level 5 in Armour
     9 | D        | Reached skill level 5 in Shields
     9 | D        | Reached XP level 2. HP: 22/29 MP: 1/1
    38 | D        | Noticed an ogre
    40 | D        | Killed an ogre
    41 | D        | Reached skill level 5 in Axes
    41 | D        | Reached XP level 3. HP: 38/38 MP: 2/2
    41 | D        | Reached XP level 4. HP: 45/45 MP: 3/3
    53 | D        | Noticed Sigmund
    55 | D        | Killed Sigmund
    56 | D        | Reached XP level 5. HP: 53/53 MP: 4/4
    71 | D        | Found an ornate altar of the Wu Jian Council.
    71 | D        | Found a shimmering blue altar of Sif Muna.
    73 | D        | Found a radiant altar of Vehumet.
    77 | D        | Reached XP level 6. HP: 47/62 MP: 5/5
   137 | D        | Found Socaj's Armour Emporium.
   137 | D        | Found an ancient bone altar of Kikubaaqudgha.
   137 | D        | Found a hazy altar of Hepliaklqana.
   137 | D        | Found a hide-covered altar of Uskayaw.
   137 | D        | Found a basalt altar of Yredelemnul.
   137 | D        | Found an opulent altar of Gozag.
   137 | D        | Found a snail-covered altar of Cheibriados.
   137 | D        | Found a sacrificial altar of Ru.
   137 | D        | Found a shadowy altar of Dithmenos.
   137 | D        | Noticed a yak
   146 | D        | Killed a yak
   147 | D        | Found a stormy altar of Qazlal.
   147 | D        | Found a blossoming altar of Fedhas.
   147 | D        | Found a bloodstained altar of Trog.
   147 | D        | Found an iron altar of Okawaru.
   147 | D        | Found a glowing golden altar of the Shining One.
   147 | D        | Found a glowing silver altar of Zin.
   147 | D        | Found a white marble altar of Elyvilon.
   148 | D        | Found a sparkling altar of Nemelex Xobeh.
   154 | D        | Became a worshipper of the Shining One
   217 | D        | Bought a +1 hat for 143 gold pieces
   228 | D        | Noticed Sonja
   230 | D        | Killed Sonja
   231 | D        | Reached skill level 10 in Axes
   231 | D        | Reached XP level 7. HP: 74/74 MP: 6/6
   284 | D        | Noticed a deep troll
   294 | D        | Killed a deep troll
   295 | D        | Reached XP level 8. HP: 46/83 MP: 7/7
   416 | D        | Found Zedyngishi's Armour Emporium.
   422 | D        | Bought a +1 plate armour of fire resistance for 490 gold
                  | pieces
   449 | D        | Noticed a centaur warrior
   449 | D        | Reached * piety under the Shining One
   450 | D        | Noticed a centaur warrior
   456 | D        | Killed a centaur warrior
   457 | D        | Reached XP level 9. HP: 61/92 MP: 8/8
   459 | D        | Killed a centaur warrior
   463 | D        | Identified the ring "Sizyvyeh" {Will+ rCorr}
   606 | D        | Noticed an oklob plant
   611 | D        | Killed an oklob plant
   615 | D        | Reached ** piety under the Shining One
   822 | D        | Reached *** piety under the Shining One
   824 | D        | Reached **** piety under the Shining One
   825 | D        | Reached ***** piety under the Shining One
   828 | D        | Reached XP level 10. HP: 104/104 MP: 9/9
   841 | D        | Identified the +0 plate armour of Nirib {rN+}
   848 | D        | Identified the +2 cloak of Daisies {Contam +Blink Will-
                  | Str+8}
   859 | D        | Found Caypont's Antique Weapon Shoppe.
   859 | D        | Found Gyhagh's Assorted Antiques.
   859 | D        | Found Caschynu's Distillery.
   861 | D        | Found Moas's Armour Emporium.
   861 | D        | Found Pukoro's General Store.
   861 | D        | Found Taasyum's Jewellery Shoppe.
   861 | D        | Found Ymits's Book Boutique.
   861 | D        | Found Vashih's Book Emporium.
   861 | D        | Found Palerecze's General Store.
   861 | D        | Found Tehenac's Armour Shoppe.
   863 | D        | Found Wuarihif's Armour Boutique.
   864 | D        | Found Avux's Magic Scroll Emporium.
   864 | D        | Found Ydoniperch's Book Boutique.
   865 | D        | Found Miaropn's Armour Emporium.
   866 | D        | Bought a +4 ring of protection for 360 gold pieces
   873 | D        | Bought a +2 pair of gloves for 165 gold pieces
   906 | D        | Reached ****** piety under the Shining One
   923 | D        | Reached skill level 15 in Fighting
   990 | D        | Found a burning altar of Makhleb.
   990 | D        | Found a viscous altar of Jiyva.
   990 | D        | Found a shimmering altar of Xom.
   990 | D        | Found a corrupted altar of Lugonu.
   998 | D        | Reached skill level 15 in Armour
   998 | D        | Reached skill level 15 in Shields
  1057 | D        | Noticed a rust devil
  1057 | D        | Paralysed by a floating eye for 3 turns
  1065 | D        | Noticed a sixfirhy
  1067 | D        | Reached skill level 15 in Axes
  1071 | D        | Noticed a demonic crawler
  1071 | D        | Noticed a demonic crawler
  1071 | D        | Noticed a demonic crawler
  1071 | D        | Noticed a demonic crawler
  1080 | D        | Killed a demonic crawler
  1087 | D        | Killed a demonic crawler
  1096 | D        | Killed a demonic crawler
  1098 | D        | The Shining One protects you from harm!
  1099 | D        | HP: 3/107 [demonic crawler (7)]
  1099 | D        | Slain by a demonic crawler

Illustrated notes

Levels and vault maps discovered:
D:        dungeon_sprint_1 [red_sonja_temple_1, red_sonja_temple_small_1]

Skill      XL: |  1  2  3  4  5  6  7  8  9 10 |
---------------+-------------------------------+-----
Fighting       | 5 6 8 11 12 14 15 | 15.7
Axes           | 4 5 7 8 10 11 12 14 15 | 15.5
Armour         | 5 6 8 11 12 14 15 | 15.7
Shields        | 5 6 8 11 12 14 15 | 15.7

Action                     |  1- 3 |  4- 6 |  7- 9 | 10-12 || total
---------------------------+-------+-------+-------+-------++-------
  Melee: War axe           |     7 |    11 |    47 |    60 ||   125
         Headbutt          |       |     5 |    14 |    16 ||    35
  Evoke: Wand              |     1 |     4 |     2 |       ||     7
    Use: Potion            |       |       |     1 |     1 ||     2
 Armour: Scale mail        |     2 |     3 |     6 |       ||    11
         Plate armour      |       |       |    28 |    68 ||    96
  Dodge: Dodged            |     3 |     2 |    21 |    25 ||    51
  Block: Buckler           |     1 |     3 |    16 |    32 ||    52

Table legend: (Time is in decaauts)
 A = Elapsed time spent in this place.
 B = Non-inter-level travel time spent in this place.
 C = Inter-level travel time spent in this place.
 D = Time resting spent in this place.
 E = Time spent auto-exploring this place.
 F = Levels seen in this place.
 G = Mean time per level.
                   A        B        C        D        E       F      G
               +--------+--------+--------+--------+--------+-----+--------+
         Total |   1086 |   1086 |      0 |      0 |    799 |   1 | 1086.0 |
       Dungeon |   1086 |   1086 |      0 |      0 |    799 |   1 | 1086.0 |
               +--------+--------+--------+--------+--------+-----+--------+

Top non-repeatable levels by time:
       D: 1086 daAuts
